 Dungeon Crawl Stone Soup version 0.17-a0-1-g1f4be75 (webtiles) character file.

1493 McCoppin the Gouger (level 8, -2/54 HPs)
             Began as a Felid Berserker on Mar 8, 2015.
             Was an Elder of Trog.
             Killed from afar by a battlesphere (6 damage)
             ... created by a deep elf mage
             ... on level 6 of the Dungeon.
             The game lasted 00:39:27 (9049 turns).

McCoppin the Gouger (Felid Berserker)               Turns: 9049, Time: 00:39:28

Health: -2/54      AC:  2    Str: 18    XL:     8   Next: 51%
Magic:  11/11      EV: 21    Int: 11    God:    Trog [****..]
Gold:   323        SH:  0    Dex: 15    Spells: 0 memorised, 7 levels left
                                        Lives:  0   Deaths: 2

rFire  . . .     SeeInvis +       - Unarmed
rCold  . . .     Clarity  .     (armour unavailable)
rNeg   . . .     SustAb   .     (shield unavailable)
rPois  .         Gourm    .     (helmet unavailable)
rElec  .         Spirit   .     (cloak unavailable)
rCorr  .         Warding  .     (gloves unavailable)
rMut   .         Stasis   .     (boots unavailable)
MR     ++...                    (no amulet)
Stlth  ..........               (no ring)
                                b - ring of wizardry

@: berserking (expiring), very quick, very resistant to hostile enchantments,
extremely unstealthy
A: paw claws, no armour, no weapons or thrown items, fangs 3, see invisible,
carnivore 3, speed 1, low mp 1, magic resistance 1, shaggy fur 2, slow
metabolism 1, sharp paws
a: Burn Spellbooks, Berserk, Trog's Hand, Brothers in Arms, Renounce Religion


You were on level 6 of the Dungeon.
You worshipped Trog.
Trog was greatly pleased with you.
You were not hungry.

You visited 1 branch of the dungeon, and saw 6 of its levels.

You collected 323 gold pieces.

Inventory:

Jewellery
 b - a ring of wizardry (left paw)
 l - a cursed amulet of stasis
Magical devices
 g - a wand of slowing (23)
 i - a wand of enslavement (8)
Scrolls
 a - 4 scrolls of remove curse
 d - a scroll of fear
 e - 5 scrolls of identify
Potions
 j - 2 potions of magic
 k - 2 potions of might
 m - a potion of curing
Comestibles
 c - a meat ration
 f - a royal jelly
 h - 2 beef jerkies


   Skills:
 + Level 4.9 Fighting
 + Level 6.3 Dodging
 - Level 10.0 Stealth
 - Level 10.0 Unarmed Combat


You had 7 spell levels left.
You didn't know any spells.

Dungeon Overview and Level Annotations

Branches:
Dungeon (6/15)             Temple (0/1) D:6

Altars:
Nemelex Xobeh
The Shining One


Innate Abilities, Weirdness & Mutations

You cannot wear armour.
You are incapable of wielding weapons or throwing items.
You have razor-sharp teeth.
You have supernaturally acute eyesight.
You are carnivorous and can eat meat at any time.
You cover ground quickly.
You are covered in thick fur (AC +2).
You have a slow metabolism.
Your paws have sharp claws that are effective at stabbing.
Your magical capacity is low (-10% MP).
You are resistant to hostile enchantments.


Message History

The lance of force hits you!
Ouch! That really hurt!
* * * LOW HITPOINT WARNING * * *
You are knocked back by the lance of force.
Unknown command.
Use which ability? (? or * to list)
A red film seems to cover your vision as you go berserk!
You feel yourself moving faster!
You feel mighty!
You feel somewhat more hungry.
You feel a strong urge to attack something.
You closely miss the deep elf mage.
The deep elf mage casts a spell.
The deep elf mage conjures a globe of magical energy!
You scratch the deep elf mage but do no damage.
You closely miss the deep elf mage.
The deep elf mage points at you and mumbles some strange words.
The magic dart hits you!
* * * LOW HITPOINT WARNING * * *
The battlesphere fires!
The barrage of energy hits you!
You die...

######### #.......#
#.#####.# #.# #...#
##'###.###########
#...##.# ##.......
#######...##.###..(.....
#......e*.'.............
#......@..##.#..........
#............#.....###(#
###..........#.....###.#
#..........#......##.#
#........#.######(##.#
#...............).....
#........#.....###....
######........#####.#
#....
#..............##...#
#.#..


You could see a deep elf mage.

Vanquished Creatures
  Grinder (D:4)
  The ghost of achirane the Firebug, an average KoFE (D:3)
  Eustachio (D:6)
  Edmund (D:4)
  Menkaure (D:6)
  An ogre (D:5)
  3 orc warriors
  3 sky beasts
  A phantom (D:5)
  2 centaurs
  A giant frog (D:6)
  A scorpion (D:6)
  A killer bee (D:4)
  7 crimson imps
  A giant frog zombie (D:5)
  2 hounds (D:6)
  4 orc wizards
  3 orc priests
  A giant frog skeleton (D:6)
  An iguana (D:4)
  Natasha (twice) (D:4)
  4 worker ants
  Ijyb (D:4)
  Terence (D:2)
  Robin (D:2)
  3 gnolls (D:6)
  2 shadow imps
  7 adders
  2 giant mites (D:3)
  6 worms
  An adder zombie (D:5)
  An adder skeleton (D:4)
  2 giant geckos
  4 oozes
  21 orcs
  2 bat skeletons (D:4)
  3 giant cockroaches
  15 goblins
  19 hobgoblins
  2 ball pythons
  14 bats
  A giant gecko skeleton (D:5)
  6 giant newts
  11 jackals
  11 kobolds
  3 quokkas
  10 rats
192 creatures vanquished.

Vanquished Creatures (others)
  A rat (D:1)
1 creature vanquished.

Grand Total: 193 creatures vanquished

Notes
Turn   | Place    | Note
--------------------------------------------------------------
     0 | D:1      | McCoppin, the Felid Berserker, began the quest for the Orb.
     0 | D:1      | Reached XP level 1. HP: 10/10 MP: 2/2
   337 | D:1      | Reached XP level 2. HP: 11/14 MP: 3/3
  1474 | D:2      | Reached XP level 3. HP: 17/17 MP: 5/5
  1564 | D:2      | Acquired Trog's second power
  1826 | D:2      | Noticed Terence
  1834 | D:2      | Killed Terence
  2047 | D:2      | Reached skill level 5 in Unarmed Combat
  2047 | D:2      | Reached XP level 4. HP: 21/21 MP: 7/7
  3413 | D:3      | Reached XP level 5. HP: 24/24 MP: 8/8
  3516 | D:3      | Reached skill level 6 in Unarmed Combat
  3536 | D:3      | Noticed Robin
  3536 | D:3      | Noticed achirane's ghost (average KoFE)
  3551 | D:2      | Killed Robin
  3848 | D:3      | Killed achirane's ghost
  3848 | D:3      | Reached skill level 7 in Unarmed Combat
  3848 | D:3      | Gained mutation: You are covered in thick fur (AC +2). [growing up]
  3848 | D:3      | Reached XP level 6. HP: 28/28 MP: 10/10
  4433 | D:4      | Noticed Natasha
  4459 | D:4      | Killed Natasha
  4541 | D:4      | Acquired Trog's third power
  4545 | D:4      | Noticed Grinder
  4555 | D:4      | Killed Grinder
  4555 | D:4      | Reached skill level 8 in Unarmed Combat
  4555 | D:4      | Reached XP level 7. HP: 29/31 MP: 12/12
  4707 | D:4      | Noticed Ijyb
  4722 | D:4      | Killed Ijyb
  5071 | D:4      | Noticed Edmund
  5078 | D:4      | Killed Edmund
  5078 | D:4      | Reached skill level 9 in Unarmed Combat
  5299 | D:4      | Found a sparkling altar of Nemelex Xobeh.
  5592 | D:4      | Noticed Natasha
  5597 | D:4      | Killed Natasha
  5708 | D:5      | Entered Level 5 of the Dungeon
  6190 | D:5      | Reached skill level 10 in Unarmed Combat
  6190 | D:5      | Reached XP level 8. HP: 28/34 MP: 13/13
  6561 | D:5      | Gained mutation: Your magical capacity is low (-10% MP). [mutagenic meat]
  6562 | D:5      | Gained mutation: You are resistant to hostile enchantments. [mutagenic meat]
  6642 | D:5      | Reached skill level 5 in Stealth
  7435 | D:6      | Noticed Eustachio
  7463 | D:5      | Mangled by an orc warrior
  7464 | D:5      | Reached XP level 7. HP: -9/31 MP: 10/10
  7741 | D:6      | Found a staircase to the Ecumenical Temple.
  7757 | D:6      | Reached XP level 8. HP: 26/34 MP: 11/11
  8056 | D:6      | Mangled by an orc warrior
  8057 | D:6      | Reached XP level 7. HP: -8/46 MP: 10/10
  8183 | D:6      | Noticed Menkaure
  8246 | D:6      | Reached skill level 10 in Stealth
  8262 | D:6      | Killed Menkaure
  8355 | D:6      | Killed Eustachio
  8355 | D:6      | Reached XP level 8. HP: 17/36 MP: 11/11
  8408 | D:6      | Reached skill level 5 in Dodging
  8909 | D:6      | Found a glowing golden altar of the Shining One.
  9049 | D:6      | Killed from afar by a battlesphere

Action                   |  1- 3 |  4- 6 |  7- 9 || total
-------------------------+-------+-------+-------++-------
Melee: Unarmed           |    84 |   187 |   271 ||   542
Invok: Berserk           |     8 |     8 |    18 ||    34
       Trog's Hand       |       |     3 |     8 ||    11
  Use: Potion            |       |     2 |     3 ||     5
       Scroll            |       |     8 |     1 ||     9
 Stab: Sleeping          |     1 |     3 |     5 ||     9
       Distracted        |       |     1 |       ||     1
  Eat: Chunk             |    10 |    13 |    17 ||    40
       Meat ration       |       |       |     2 ||     2
